 Dungeon Crawl Stone Soup version 0.30-a0-738-g116ff8c4af (webtiles) character file.

Game seed: 14162415442330053663

13790 porpoise the Basher (level 12, -6/84 HPs)
             Began as a Formicid Fighter on Feb 4, 2023.
             Was a Believer of Hepliaklqana.
             Mangled by an ettin
             ... wielding a +0 dire flail
              (21 damage)
             ... on level 11 of the Dungeon.
             The game lasted 00:45:40 (8732 turns).

porpoise the Basher (Formicid Fighter)              Turns: 8732, Time: 00:45:41

Health: -6/84      AC: 14    Str: 24    XL:     12   Next: 37%
Magic:  17/17      EV: 13    Int: 10    God:    Hepliaklqana [**....]
Gold:   542        SH:  6    Dex: 13    Spells: 11/11 levels left

rFire   + . .      SeeInvis +    a - +1 dire flail
rCold   + . .      Faith    .    c - +0 buckler
rNeg    + . .      Spirit   .    Q - +0 plate armour
rPois   .          Reflect  .    (helmet unavailable)
rElec   .          Harm     .    t - scarf {rC+ rF+}
rCorr   .          Rampage  .    s - +0 pair of gloves
Will    +....                    (no boots) Stlth
                                 u - amulet of regeneration
HPRegen 1.14/turn                H - ring of positive energy
MPRegen 0.15/turn                F - +5 ring of evasion

@: no status effects
A: reduced essence, permanent stasis, dig shafts and tunnels, antennae 3, four
strong arms
a: Dig, Shaft Self, Renounce Religion, Recall Ancestor, Ancestor Identity


You were on level 11 of the Dungeon.
You worshipped Hepliaklqana.
Hepliaklqana was pleased with you.
You visited 2 branches of the dungeon, and saw 12 of its levels.

You collected 566 gold pieces.
You spent 24 gold pieces at shops.

Inventory:

Hand Weapons
 a - a +1 dire flail (weapon)
 b - a +0 shortbow of freezing
 N - a +2 flail of protection
 R - a +0 sling
Missiles
 f - 42 poisoned darts
 G - 10 boomerangs
 K - 2 throwing nets
 U - a curare-tipped dart (quivered)
Armour
 c - a +0 buckler (worn)
 l - a +2 cloak
 q - a +2 leather armour of positive energy
 s - a +0 pair of gloves (worn)
 t - a scarf of resistance (worn)
 D - the +2 pair of gloves of Defence {Rampage *Corrode Int+7}
   (You found it on level 5 of the Dungeon)

   Int:       It affects your intelligence (+7).
   *Corrode:  It may corrode you when you take damage.
   Rampage:   It bestows one free step when moving towards enemies.
 Q - a +0 plate armour (worn)
Jewellery
 o - an amulet of the acrobat
 u - an amulet of regeneration (around neck)
 w - a ring of protection from fire
 z - a ring of protection from cold
 A - a ring of ice
 B - an amulet of magic regeneration
 C - a ring of ice
 F - a +5 ring of evasion (right hand)
 H - a ring of positive energy (left hand)
 S - an amulet of guardian spirit
Wands
 d - a wand of polymorph (2)
 v - a wand of mindburst (5)
 y - a wand of digging (5)
 E - a wand of flame (31)
 T - a wand of roots (7)
Scrolls
 g - a scroll of poison
 j - 2 scrolls of identify
 m - a scroll of fog {unknown}
 r - a scroll of vulnerability
 I - a scroll of fear {unknown}
 J - a scroll of enchant weapon
 L - a scroll of immolation {unknown}
 O - a scroll of noise {unknown}
 P - a scroll of magic mapping
Potions
 h - 3 potions of attraction
 i - 5 potions of brilliance
 k - 2 potions of lignification
 n - 4 potions of curing
 p - 2 potions of resistance
 x - 5 potions of flight
Miscellaneous
 V - a phial of floods


   Skills:
 + Level 8.8 Fighting
 - Level 14.0 Maces & Flails
 - Level 7.0 Armour
 - Level 5.0 Dodging
 + Level 7.7 Shields
 - Level 7.0 Invocations


You had 11 spell levels left.
You didn't know any spells.
Your spell library contained the following spells:

 Spells                   Type           Power      Damage    Failure   Level
 Freeze                   Ice            0%         1d3       99%         1
 Sandblast                Erth           0%         2d4       99%         1
 Shock                    Conj/Air       0%         1d3       99%         1
 Ensorcelled Hibernation  Hex/Ice        0%         N/A       100%        2
 Lesser Beckoning         Tloc           0%         N/A       100%        2
 Passwall                 Tmut/Erth      0%         N/A       100%        2
 Frozen Ramparts          Ice            0%         1d1       100%        3
 Gell's Gravitas          Tloc           0%         N/A       100%        3
 Hailstorm                Conj/Ice       0%         3d3       100%        3
 Spider Form              Tmut/Pois      0%         N/A       100%        3
 Stone Arrow              Conj/Erth      0%         3d7       100%        3
 Teleport Other           Tloc           0%         N/A       100%        3
 Airstrike                Air            0%         2d(0-16)  100%        4
 Anguish                  Hex/Necr       0%         N/A       100%        4
 Petrify                  Tmut/Erth      0%         N/A       100%        4
 Swiftness                Air            Unusable   N/A       N/A         3

Dungeon Overview and Level Annotations

Branches:
Dungeon (11/15)            Temple (1/1) D:7
   Lair: D:8-11         Orc: D:9-12

Altars:
Ashenzari
Cheibriados
Dithmenos
Elyvilon
Fedhas
Gozag
Hepliaklqana
Kikubaaqudgha
Makhleb
Nemelex Xobeh
Okawaru
Qazlal
Ru
Sif Muna
Trog
Uskayaw
Vehumet
Wu Jian
Xom
Yredelemnul
Zin
The Shining One

Shops:
D:1 ?   D:8 *

Annotations:
D:8 2 transporters
D:10 1 runed translucent door


Innate Abilities, Weirdness & Mutations

Your life essence is reduced to manifest your ancestor. (-10% HP)
You cannot be hasted, slowed, berserked, paralysed or teleported.
You can dig through walls and to a lower floor.
You have a pair of large antennae on your head. (SInv)
Your four strong arms can wield two-handed weapons with a shield.


Message History

* * * LOW HITPOINT WARNING * * *
Your stasis prevents you from being slowed.
The hornet attacks as you move away! The hornet misses you.
The yaktaur captain wields a +0 arbalest.
The yaktaur captain shoots a bolt.
The bolt hits you!
* * * LOW HITPOINT WARNING * * *
Becki completely misses the hornet.
You feel much better. The hornet stings you.
Your stasis prevents you from being paralysed.
Becki misses the hornet.
Something hits Becki!!
Becki is destroyed!
You bludgeon the yaktaur captain!!
The yaktaur captain is heavily wounded.
You puncture the yaktaur captain!
The yaktaur captain is severely wounded.
You hit the yaktaur captain but do no damage.
The yaktaur captain is severely wounded.
The yaktaur captain unwields a +0 arbalest.
The yaktaur captain barely misses you.
You puncture the yaktaur captain!
The yaktaur captain is almost dead.
You puncture the yaktaur captain!
You kill the yaktaur captain!
Training target 5.0 for Dodging reached!
Your Dodging skill increases to level 5!
Your Shields skill increases to level 7!
You barely miss the hornet.
The hornet is heavily wounded.
You block the hornet's attack.
You puncture the hornet!
You kill the hornet!
You feel a little less mighty now.
Things that are here:
a +0 arbalest; a yaktaur corpse You hit the ettin.
The ettin is lightly wounded.
The ettin hits you with a +0 dire flail!!
* * * LOW HITPOINT WARNING * * *
The ettin hits you with a +0 dire flail!!
You die...

#########.#.....#.##
##..####### ##.# )).
#)# ..## #.# ...#
#.##..## #.#....#
#.#..##.# #.#..@C.#
#########


You could see an ettin.

Vanquished Creatures
  A fire giant (D:11)
  2 yaktaur captains (D:11)
  An ogre mage (D:11)
  3 two-headed ogres
  An orc knight (D:11)
  A deep elf pyromancer (D:11)
  2 cyclopes (D:11)
  Joseph (D:7)
  A hornet (D:11)
  A wraith (D:10)
  3 wyverns
  A spriggan (D:9)
  5 yaks
  A steam dragon (D:10)
  Menkaure (D:6)
  An acid dragon (D:9)
  4 ice beasts
  A black bear (D:7)
  2 orc warriors
  2 sky beasts (D:7)
  2 centaurs
  A phantom (D:5)
  4 kobold brigands
  5 bullfrogs
  2 scorpions
  A gnoll sergeant (D:8)
  4 wights (D:6)
  A vampire bat (D:10)
  2 electric eels (D:8)
  A lava snake (D:8)
  4 hounds (D:5)
  4 jellies
  4 orc priests
  6 iguanas
  8 orc wizards
  9 adders
  12 gnolls
  A shadow imp (D:7)
  8 worms
  3 dart slugs
  46 orcs
  5 endoplasms
  5 giant cockroaches
  4 goblins
  2 hobgoblins (D:1)
  4 jackals (D:2)
  12 kobolds
  6 quokkas
  7 ball pythons
  5 bats
  12 frilled lizards
  8 rats
233 creatures vanquished.

Vanquished Creatures (collateral kills)
  A boulder beetle (D:11)
  A shadow wraith (D:11)
  A cyclops (D:11)
  2 yaks
  A wyvern (D:9)
  A centaur (D:10)
  A vampire bat (D:10)
  An orc wizard (D:9)
  2 orcs (D:9)
  3 bats (D:10)
  8 kobolds
22 creatures vanquished.

Vanquished Creatures (others)
  2 battlemagi (D:11)
  12 plants
14 creatures vanquished.

Grand Total: 269 creatures vanquished

Notes
Turn   | Place    | Note
-------+----------+-------------------------------------------
     0 | D:1      | porpoise the Formicid Fighter began the quest for the Orb.
     0 | D:1      | Reached XP level 1. HP: 18/18 MP: 1/1
    97 | D:1      | Reached XP level 2. HP: 24/24 MP: 2/2
   518 | D:1      | Found Qotueg's Magic Scroll Emporium.
   523 | D:1      | Bought a scroll of identify for 24 gold pieces
   644 | D:2      | Reached XP level 3. HP: 30/30 MP: 3/3
   681 | D:2      | Reached skill level 3 in Maces & Flails
   969 | D:2      | Reached XP level 4. HP: 36/37 MP: 4/4
  1732 | D:3      | Reached skill level 4 in Maces & Flails
  1827 | D:3      | Reached XP level 5. HP: 34/42 MP: 5/5
  2367 | D:4      | You fall into a shaft and drop 1 floor!
  2367 | D:5      | Entered Level 5 of the Dungeon
  2390 | D:5      | Reached XP level 6. HP: 49/49 MP: 6/6
  2399 | D:5      | Reached skill level 5 in Maces & Flails
  2433 | D:5      | Reached skill level 5 in Fighting
  2565 | D:4      | Reached XP level 7. HP: 52/56 MP: 7/7
  2959 | D:5      | Reached skill level 6 in Maces & Flails
  3056 | D:5      | Found a shadowy altar of Dithmenos.
  3097 | D:5      | Identified the +2 pair of gloves of Defence {Rampage
                  | *Corrode Int+7}
  3373 | D:5      | Reached skill level 7 in Maces & Flails
  3373 | D:5      | Reached XP level 8. HP: 58/64 MP: 8/8
  3839 | D:6      | Reached skill level 8 in Maces & Flails
  4358 | D:7      | Noticed Menkaure
  4417 | D:6      | Killed Menkaure
  4430 | D:6      | Reached skill level 9 in Maces & Flails
  4432 | D:6      | Reached XP level 9. HP: 59/72 MP: 9/9
  4625 | D:7      | Reached skill level 10 in Maces & Flails
  4816 | D:7      | Noticed Joseph
  4827 | D:7      | Found a staircase to the Ecumenical Temple.
  4911 | D:7      | Killed Joseph
  5009 | D:7      | Reached skill level 11 in Maces & Flails
  5220 | Temple   | Entered the Ecumenical Temple
  5220 | Temple   | Found a transporter.
  5220 | Temple   | Found a transporter.
  5222 | Temple   | Found a transporter.
  5222 | Temple   | Found a transporter.
  5264 | Temple   | Became a worshipper of Hepliaklqana the Forgotten
  5465 | D:8      | Noticed a cyclops
  5466 | D:8      | Found a transporter.
  5467 | D:8      | Noticed a white ugly thing
  5470 | D:8      | Noticed a troll
  5475 | D:8      | Noticed a troll
  5475 | D:8      | Noticed a deep elf pyromancer
  5484 | D:8      | Found a transporter.
  5513 | D:8      | Reached skill level 1 in Invocations
  5683 | D:8      | Reached XP level 10. HP: 79/79 MP: 11/11
  5934 | D:8      | Noticed a two-headed ogre
  5943 | D:8      | Killed a two-headed ogre
  5944 | D:8      | Reached skill level 12 in Maces & Flails
  5944 | D:8      | Reached skill level 5 in Armour
  6095 | D:8      | Found Gouziuz's General Store.
  6822 | D:9      | Reached * piety under Hepliaklqana
  6881 | D:9      | Found a glowing silver altar of Zin.
  7128 | D:9      | Reached skill level 5 in Invocations
  7302 | D:9      | Found a sacrificial altar of Ru.
  7575 | D:9      | Reached ** piety under Hepliaklqana
  7576 | D:9      | Remembered your ancestor Becki as a battlemage
  7693 | D:9      | Reached skill level 13 in Maces & Flails
  7693 | D:9      | Reached XP level 11. HP: 73/75 MP: 15/15
  7782 | D:10     | Entered Level 10 of the Dungeon
  7821 | D:10     | Noticed a two-headed ogre
  7830 | D:10     | Killed a two-headed ogre
  7963 | D:10     | Noticed a centaur warrior
  8034 | D:10     | Found a runed translucent door.
  8037 | D:10     | Noticed an ogre mage
  8226 | D:10     | Noticed a two-headed ogre
  8239 | D:10     | Killed a two-headed ogre
  8240 | D:10     | Reached skill level 1 in Dodging
  8502 | D:11     | Noticed a boulder beetle
  8505 | D:11     | Noticed an ogre mage
  8522 | D:11     | Killed an ogre mage
  8527 | D:11     | Killed a boulder beetle
  8528 | D:11     | Reached skill level 14 in Maces & Flails
  8566 | D:11     | Noticed a yaktaur captain
  8566 | D:11     | Noticed a fire giant
  8575 | D:11     | HP: 1/75 [yaktaur captain (4)]
  8578 | D:11     | Killed a fire giant
  8584 | D:11     | Killed a yaktaur captain
  8585 | D:11     | Reached skill level 5 in Shields
  8643 | D:11     | Got Sif Muna's Folio of Peccant Quicksand
  8657 | D:11     | Noticed a cyclops
  8657 | D:11     | Noticed a deep elf pyromancer
  8663 | D:11     | Noticed a cyclops
  8666 | D:11     | Noticed a cyclops
  8667 | D:11     | Killed a deep elf pyromancer
  8668 | D:11     | Reached XP level 12. HP: 72/82 MP: 17/17
  8710 | D:11     | Noticed a shadow wraith
  8711 | D:11     | Noticed a yaktaur captain
  8716 | D:11     | Killed a shadow wraith
  8717 | D:11     | Noticed an ettin
  8728 | D:11     | Killed a yaktaur captain
  8729 | D:11     | Reached skill level 5 in Dodging
  8732 | D:11     | Mangled by an ettin

Illustrated notes

Levels and vault maps discovered:
D:1:      dpeg_arrival_orchard, layout_rooms, serial_shops, nicolae_shop_crystal
D:2:      layout_basic, corexii_leaking_fountain
D:3:      layout_basic, st_stairs_10
D:4:      layout_cave_pools, guppyfry_early_lair_pool
D:5:      layout_gridville, mainiacjoe_overflow_alcove_2, cheibrodos_gnoll_hut
D:6:      layout_rooms, minmay_lizard_king
D:7:      layout_rooms, minmay_temple_entry_ruins, grunt_ministairs_11,
          uniq_joseph, uniq_menkaure
D:8:      gammafunk_sealed_arena, layout_rooms, special_room [special_room_orc],
          serial_shops, nicolae_shop_crystal, grunt_ministairs_2, minivault_23,
          minmay_misc_feat_roman, nicolae_lava_and_water
D:9:      layout_grid_maze, mainiacjoe_overflow_swirl, the_hattery
D:10:     layout_cave_pools, minmay_st_funbox, roderic_batcave,
          serial_bayou_pond_a, corner_web_ring
D:11:     minmay_tearing_corner, layout_stronghold, dpeg_oklobed_lair,
          minmay_orc_entry_temple_small, serial_undead, serial_undead_e,
          serial_undead_b, serial_undead_d, serial_undead_d
Temple:   hellmonk_temple_divided_pantheon

Skill      XL: |  1  2  3  4  5  6  7  8  9 10 11 12 |
---------------+-------------------------------------+-----
Maces & Flails | 3 4 5 7 9 11 13 14 | 14.0
Fighting       | 4 5 6 7 8 |  8.8
Invocations    | 2 5 7 |  7.0
Armour         | 6 7 |  7.0
Dodging        | 4 5 |  5.0
Shields        | 5 7 |  7.7

Action                     |  1- 3 |  4- 6 |  7- 9 | 10-12 || total
---------------------------+-------+-------+-------+-------++-------
  Melee: Flail             |    87 |   144 |   284 |    58 ||   573
         Unarmed           |       |       |     6 |       ||     6
         Dire flail        |       |       |       |   265 ||   265
   Fire: Sling             |       |    50 |    35 |     2 ||    87
         Shortbow          |       |       |       |    19 ||    19
  Throw: Dart              |       |       |     3 |    10 ||    13
         Throwing net      |       |       |     2 |       ||     2
 Invoke: Ancestor Life: Ba |       |       |       |     1 ||     1
         Ancestor Identity |       |       |       |     1 ||     1
  Evoke: Wand              |       |       |     3 |       ||     3
    Use: Scroll            |     2 |     6 |     5 |     3 ||    16
         Potion            |       |       |     3 |     6 ||     9
   Stab: Confused          |       |       |     2 |       ||     2
         Held in net/web   |       |       |     1 |       ||     1
         Distracted        |       |       |       |     1 ||     1
 Armour: Scale mail        |    37 |    62 |   100 |    19 ||   218
         Plate armour      |       |       |       |    54 ||    54
  Dodge: Dodged            |    30 |    76 |   145 |   124 ||   375
  Block: Buckler           |    22 |    48 |    65 |    53 ||   188

Table legend: (Time is in decaauts)
 A = Elapsed time spent in this place.
 B = Non-inter-level travel time spent in this place.
 C = Inter-level travel time spent in this place.
 D = Time resting spent in this place.
 E = Time spent auto-exploring this place.
 F = Levels seen in this place.
 G = Mean time per level.
                   A        B        C        D        E       F      G
               +--------+--------+--------+--------+--------+-----+--------+
         Total |   8709 |   8357 |    352 |   1534 |   4415 |  12 |  725.8 |
       Dungeon |   8644 |   8292 |    352 |   1534 |   4409 |  11 |  785.8 |
        Temple |     64 |     64 |      0 |      0 |      6 |   1 |   64.0 |
               +--------+--------+--------+--------+--------+-----+--------+

Top non-repeatable levels by time:
     D:8: 1315 daAuts
     D:9: 1134 daAuts
     D:2: 938 daAuts
     D:6: 900 daAuts
     D:5: 856 daAuts
     D:7: 713 daAuts
     D:3: 665 daAuts
    D:10: 661 daAuts
     D:1: 650 daAuts
     D:4: 593 daAuts
    D:11: 215 daAuts
  Temple: 64 daAuts
